 Dungeon Crawl Stone Soup version 0.30.0-29-ga12c61a403 (webtiles) character file.

Game seed: 6280909534533202470

116 ChadusMaximus the Shield-Bearer (level 5, -1/40 (42) HPs)
             Began as a Formicid Fighter on June 19, 2023.
             Slain by a hell rat (13 damage)
             ... in a sewer.
             The game lasted 00:01:38 (1622 turns).

ChadusMaximus the Shield-Bearer (Formicid Fighter)  Turns: 1622, Time: 00:01:39

HP:   -1/40 (42)    AC:  7    Str: 22    XL:     5   Next: 20%
MP:   5/5           EV:  9    Int:  8    God:
Gold: 113           SH:  5    Dex: 13    Spells: 4/4 levels left

rFire   + . .        a - +0 war axe
rCold   . . .        c - +0 buckler
rNeg    . . .        b - +0 scale mail
rPois   .            (helmet unavailable)
rElec   .            (no cloak)
rCorr   .            (no gloves)
SInv    +            (no boots)
Will    .....        f - amulet of the acrobat Stlth
                     i - ring of protection from fire
HPRegen 0.26/turn    (no ring)
MPRegen 0.09/turn

%: acrobat
@: lightly drained
A: permanent stasis, dig shafts and tunnels, antennae 3, four strong arms
a: Dig


You were in a sewer.
You visited 1 branch of the dungeon, and saw 3 of its levels.
You also visited: Sewer.

You collected 113 gold pieces.

Inventory:

Hand Weapons
 a - a +0 war axe (weapon)
Armour
 b - a +0 scale mail (worn)
 c - a +0 buckler (worn)
Jewellery
 e - a ring of magical power
 f - an amulet of the acrobat (around neck)
 i - a ring of protection from fire (left hand)
Scrolls
 g - a scroll of poison
 h - a scroll of fear {unknown}
 l - a scroll of noise {unknown}
 m - a scroll of identify {unknown}
 o - 3 scrolls of teleportation
 q - a scroll of amnesia {unknown}
 r - 2 scrolls of vulnerability {unknown}
Potions
 d - a potion of might
 j - 3 potions of heal wounds {unknown}
 k - a potion of flight {unknown}
 n - 2 potions of curing {unknown}
 p - a potion of degeneration {unknown}


   Skills:
 + Level 4.1 Fighting
 + Level 3.0 Axes
 + Level 4.1 Armour
 + Level 5.0 Shields


You had 4 spell levels left.
You didn't know any spells.
Your spell library was empty.

Dungeon Overview and Level Annotations

Branches:
Dungeon (3/15)              Sewer (1/1)

Altars:


Innate Abilities, Weirdness & Mutations

You cannot be hasted, slowed, berserked, paralysed or teleported.
You can dig through walls and to a lower floor.
You have a pair of large antennae on your head. (SInv)
Your four strong arms can wield two-handed weapons with a shield.


Message History

You kill the rat!
You open the door.
A hell rat comes into view.
The hell rat roars deafeningly!
A rat comes into view.
Found seven items.
Found a gate leading back out of this place.
There is an open door here.
A hell rat is nearby!
You hit the hell rat.
The hell rat is lightly wounded.
The hell rat barely misses you.
There are monsters nearby!
You slash the hell rat!
The hell rat is severely wounded.
The hell rat bites you!
There are monsters nearby!
You hit the hell rat but do no damage.
The hell rat is severely wounded.
The hell rat bites you but does no damage.
The hell rat bites you!
You feel drained.
* * * LOW HITPOINT WARNING * * *
Unknown command.
There are monsters nearby!
You are too injured to fight recklessly!
There are monsters nearby!
You are too injured to fight recklessly!
You are too injured to fight recklessly!
Unknown command.
You barely miss the hell rat.
The hell rat is severely wounded.
You closely miss the rat. The hell rat completely misses you.
The rat bites you.
* * * LOW HITPOINT WARNING * * *
The hell rat splashes around in the water.
You closely miss the hell rat.
The hell rat is severely wounded.
You barely miss the rat.
The rat splashes around in the water.
The hell rat bites you!
You die...

###.~.###
#..~~~~~#
##~~..~~.##
#...###~~.#
##~.##~##.~##
#...#~~~#†~~#
#~~##!.~##..#
#~~#!!~~~#.~#
#∩∩#∩?~~r@.~#
#.~#?!~~~#r†#
#~~##[~~##~.#
#.~~#.~. ..~#
##~.##. ..##
#..~## r~.#
##.~{ ~.##
.~~~.~.


You could see a hell rat and a rat.

Vanquished Creatures
  A hound (D:3)
  3 adders (D:2)
  3 orcs (D:3)
  6 endoplasms
  5 giant cockroaches
  5 goblins
  2 hobgoblins (D:2)
  4 kobolds
  2 quokkas (D:3)
  5 ball pythons
  4 bats
  2 frilled lizards
  12 rats
54 creatures vanquished.

Notes
Turn   | Place    | Note
-------+----------+-------------------------------------------
     0 | D:1      | ChadusMaximus the Formicid Fighter began the quest for the
                  | Orb.
     0 | D:1      | Reached XP level 1. HP: 18/18 MP: 1/1
   107 | D:1      | Reached XP level 2. HP: 24/24 MP: 2/2
   346 | D:1      | Found a faded altar of an unknown god.
   513 | D:2      | Reached XP level 3. HP: 20/29 MP: 3/3
   906 | D:2      | Reached XP level 4. HP: 37/37 MP: 4/4
   909 | D:2      | Noticed an ogre
  1488 | D:3      | Reached XP level 5. HP: 32/42 MP: 5/5
  1495 | D:3      | Reached skill level 5 in Shields
  1515 | D:3      | Found a glowing drain.
  1535 | Sewer    | Entered a sewer
  1622 | Sewer    | Slain by a hell rat

Illustrated notes

Levels and vault maps discovered:
D:1:      minmay_arrival_jagged, layout_rooms,
          shapermc_ecumenical_altar_flowoftime
D:2:      layout_loops_cross, lightli_corner_chamber
D:3:      layout_basic, portal_sewer_entry_f
Sewer:    sewer_hellmonk_bad_rat

Skill      XL: |  1  2  3  4  5 |
---------------+----------------+-----
Fighting       | 4 |  4.1
Armour         | 4 |  4.1
Axes           | 3 |  3.0
Shields        | 5 |  5.0

Action                     |  1- 3 |  4- 6 || total
---------------------------+-------+-------++-------
  Melee: War axe           |    87 |    70 ||   157
Ability: Dig               |       |     2 ||     2
    Use: Scroll            |       |     2 ||     2
 Armour: Scale mail        |    33 |    31 ||    64
  Dodge: Dodged            |    52 |    35 ||    87
  Block: Buckler           |    32 |    25 ||    57
